 Dungeon Crawl Stone Soup version 0.27-a0-906-g0a00ce863d (webtiles) character file.

Game seed: 13675176426158532475

2852 jestyr24 the Thaumaturge (level 9, -3/46 HPs)
             Began as a Deep Elf Conjurer on Apr 7, 2021.
             Was an Initiate of Vehumet.
             Slain by Erica
             ... wielding a +1 scimitar of flaming
              (8 damage)
             ... on level 8 of the Dungeon.
             The game lasted 00:37:50 (8642 turns).

jestyr24 the Thaumaturge (Deep Elf Conjurer)        Turns: 8642, Time: 00:37:50

Health: -3/46      AC:  4    Str: 10    XL:     9   Next: 46%
Magic:  14/25      EV: 13    Int: 27    God:    Vehumet [......]
Gold:   339        SH:  0    Dex: 13    Spells: 13/28 levels left

rFire    + . .     SeeInvis .   y - +3 quarterstaff (chaos)
rCold    + + .     Faith    .   (shield currently unavailable)
rNeg     . . .     Spirit   .   s - +1 robe
rPois    .         Reflect  .   G - +0 helmet
rElec    .         Harm     .   m - scarf {rC+ rF+}
rCorr    .         Rampage  .   (no gloves)
Will     .....                  (no boots)
Stlth    +++.......             q - amulet of regeneration
HPRegen  1.15/turn              j - +6 ring of strength
MPRegen  0.19/turn              e - ring of protection from cold

@: no status effects
A: no striking features
a: Renounce Religion


You were on level 8 of the Dungeon.
You worshipped Vehumet.
Vehumet was noncommittal.
You visited 2 branches of the dungeon, and saw 9 of its levels.

You collected 339 gold pieces.

Inventory:

Hand Weapons
 f - a +0 bardiche
 g - a +1 hunting sling of flaming
 y - a +3 quarterstaff of chaos (weapon)
 A - a +1 mace of holy wrath
Missiles
 a - 19 poisoned darts
 k - 6 silver javelins
 w - 2 throwing nets
Armour
 m - a scarf of resistance (worn)
 s - a +1 robe (worn)
 C - a +0 cloak
 G - a +0 helmet (worn)
 H - the +6 lightning scales {swift rElec}
   (You found it on level 7 of the Dungeon)

   It insulates you from electricity.
Jewellery
 b - an amulet of the acrobat
 e - a ring of protection from cold (right hand)
 j - a +6 ring of strength (left hand)
 q - an amulet of regeneration (around neck)
 r - an amulet of guardian spirit
Wands
 c - a wand of iceblast (11)
 u - a wand of digging (5)
Scrolls
 d - 2 scrolls of amnesia {unknown}
 n - 2 scrolls of enchant armour
 o - 2 scrolls of fear
 t - 2 scrolls of blinking
 D - a scroll of noise {unknown}
 I - a scroll of teleportation
Potions
 h - a potion of cancellation {unknown}
 i - a potion of flight
 l - 2 potions of attraction
 p - 2 potions of lignification {unknown}
 v - 3 potions of curing
 x - a potion of ambrosia {unknown}
 z - a potion of magic {unknown}
 B - a potion of haste
 E - a potion of resistance {unknown}
 F - a potion of heal wounds {unknown}


   Skills:
 + Level 0.5 Fighting
 + Level 3.4 Dodging
 + Level 4.6 Stealth
 + Level 10.2 Spellcasting
 + Level 9.3 Conjurations
 * Level 5.9 Hexes
 * Level 5.0 Translocations


You had 13 spell levels left.
You knew the following spells:

 Your Spells              Type           Power      Damage    Failure   Level
a - Magic Dart            Conj           100%       1d8       1%          1
b - Searing Ray           Conj           100%       3d7       1%          2
c - Fulminant Prism       Conj/Hex       26%        3d14      1%          4
d - Iskenderun's Mystic   Conj/Tloc      51%        2d11      2%          4
e - Passage of Golubria   Tloc           N/A        N/A       5%          4

Your spell library contained the following spells:

 Spells                   Type           Power      Damage    Failure   Level
 Freeze                   Ice            52%        1d7       4%          1
 Apportation              Tloc           80%        N/A       1%          1
 Dazzling Flash           Conj/Hex       100%       N/A       1%          3
 Lesser Beckoning         Tloc           20%        N/A       1%          3
 Summon Guardian Golem    Hex/Summ       29%        N/A       3%          3
 Yara's Violent Unravell  Hex/Tmut       14%        3d7       34%         5


Dungeon Overview and Level Annotations

Branches:
Dungeon (8/15)             Temple (1/1) D:6
   Lair: D:8-11

Altars:
Ashenzari
Cheibriados
Dithmenos
Elyvilon
Fedhas
Gozag
Hepliaklqana
Kikubaaqudgha
Makhleb
Nemelex Xobeh
Okawaru
Ru
Sif Muna
Trog
Uskayaw
Vehumet
Wu Jian
Xom
Yredelemnul
Zin
The Shining One

Shops:
D:1 *

Annotations:
D:8 Erica


Message History

Press: ? - help, Shift-Dir - straight line The magic dart hits something but does no damage.
Casting: Magic Dart (safe; 1% risk of failure)
Confirm with . or Enter, or press ? or * to list all spells.
Aiming: Magic Dart (safe; 1% risk of failure)
Press: ? - help, Shift-Dir - straight line, f - you
Okay, then.
Casting: Magic Dart (safe; 1% risk of failure)
Confirm with . or Enter, or press ? or * to list all spells.
Aiming: Searing Ray (safe; 1% risk of failure)
Press: ? - help, Shift-Dir - straight line (Press . to maintain the ray.)
The searing ray hits something!
You hear some strange, mumbled words.
A lance of force appears from out of thin air!
The lance of force hits you!
You are knocked back by the lance of force.
Casting: Searing Ray (safe; 1% risk of failure)
Confirm with . or Enter, or press ? or * to list all spells.
You can't see any susceptible monsters within range! (Use Z to cast anyway.)
Casting: Searing Ray (safe; 1% risk of failure)
Confirm with . or Enter, or press ? or * to list all spells.
Aiming: Searing Ray (safe; 1% risk of failure)
Press: ? - help, Shift-Dir - straight line (Press . to maintain the ray.)
Something hits you! Something burns you.
The searing ray hits something!
Something hits you! Something burns you.
You finish channeling your searing ray.
Something hits you.
Casting: Searing Ray (safe; 1% risk of failure)
Confirm with . or Enter, or press ? or * to list all spells.
Aiming: Searing Ray (safe; 1% risk of failure)
Press: ? - help, Shift-Dir - straight line The searing ray hits something! (Press . to maintain the ray.)
Something hits you!
* * * LOW HITPOINT WARNING * * *
Something burns you.
* * * LOW HITPOINT WARNING * * *
Something hits you!
You die...

##########
#........#
#.#####.## #.#
#<#.# #.#
#.#.# #.#
#.#.# #.#
#.#.# #.#
#.#.# #.#
#.#@# #.#
#.#.# ######.#
#.#.# #....#.#
#.#.#
#.##.#.###.#.#
#.#........#.#
#.#..#.....#.#
#.#..#####.#.#
#.#..# #.#.#


There were no monsters in sight!

Vanquished Creatures
  Pikel (D:4)
  Sigmund (D:3)
  4 water moccasins
  2 ice beasts
  2 black bears
  A sky beast (D:7)
  2 lemures (D:4)
  3 bullfrogs
  A gnoll sergeant (D:7)
  2 scorpions (D:5)
  6 killer bees (D:7)
  A water moccasin skeleton (D:7)
  2 jellies
  2 hounds
  A centaur skeleton (D:7)
  A centaur zombie (D:7)
  Crazy Yiuf (D:7)
  5 iguanas
  Natasha (thrice) (D:2)
  A hound zombie (D:5)
  A hound skeleton (D:5)
  A howler monkey skeleton (D:7)
  11 gnolls
  6 adders
  A shadow imp (D:6)
  An adder skeleton (D:4)
  3 worms
  A dart slug (D:2)
  8 orcs
  5 bats
  7 endoplasms
  3 giant cockroaches
  7 hobgoblins
  7 jackals
  4 quokkas
  3 ball pythons
  5 frilled lizards
  9 goblins
  9 kobolds
  7 rats
141 creatures vanquished.

Vanquished Creatures (others)
  7 fulminant prisms
  A fungus (D:1)
8 creatures vanquished.

Grand Total: 149 creatures vanquished

Notes
Turn   | Place    | Note
-------+----------+-------------------------------------------
     0 | D:1      | jestyr24 the Deep Elf Conjurer began the quest for the Orb.
     0 | D:1      | Reached XP level 1. HP: 10/10 MP: 6/6
   262 | D:1      | Found Tarch's Assorted Antiques.
   326 | D:1      | Reached XP level 2. HP: 15/15 MP: 5/8
   330 | D:1      | Learned a level 2 spell: Searing Ray
   625 | D:1      | Reached skill level 5 in Conjurations
  1030 | D:1      | Reached XP level 3. HP: 19/19 MP: 7/9
  1927 | D:2      | Found a faded altar of an unknown god.
  2275 | D:2      | Noticed Natasha
  2279 | D:2      | Killed Natasha
  2280 | D:2      | Reached XP level 4. HP: 18/24 MP: 4/11
  2665 | D:2      | Noticed Natasha
  2669 | D:2      | Killed Natasha
  2783 | D:2      | Noticed Natasha
  2789 | D:2      | Killed Natasha
  2790 | D:2      | Reached XP level 5. HP: 28/28 MP: 4/12
  2903 | D:3      | Noticed a water moccasin
  2909 | D:3      | Killed a water moccasin
  2910 | D:3      | Reached skill level 4 in Spellcasting
  2988 | D:3      | Learned a level 4 spell: Fulminant Prism
  2993 | D:3      | Learned a level 4 spell: Iskenderun's Mystic Blast
  3227 | D:3      | Found an iron altar of Okawaru.
  3229 | D:3      | Noticed Sigmund
  3237 | D:3      | Killed Sigmund
  3238 | D:3      | Reached skill level 5 in Spellcasting
  3238 | D:3      | Reached skill level 1 in Hexes
  3238 | D:3      | Reached skill level 1 in Translocations
  3238 | D:3      | Reached XP level 6. HP: 26/32 MP: 6/16
  3914 | D:4      | Reached XP level 7. HP: 36/36 MP: 14/17
  3951 | D:4      | Noticed Pikel
  3958 | D:4      | Killed Pikel
  3959 | D:4      | Reached skill level 6 in Spellcasting
  4408 | D:4      | Found a shimmering altar of Xom.
  4411 | D:4      | Found a shimmering altar of Xom.
  4622 | D:4      | Reached XP level 8. HP: 41/41 MP: 10/20
  4698 | D:4      | Reached skill level 7 in Spellcasting
  4973 | D:5      | Entered Level 5 of the Dungeon
  5032 | D:5      | Found an opulent altar of Gozag.
  5740 | D:5      | Found a hide-covered altar of Uskayaw.
  5842 | D:5      | Reached skill level 8 in Spellcasting
  6453 | D:6      | Identified Sif Muna's Incunabulum of the Voyage and
                  | Malediction
  6460 | D:6      | Learned a level 4 spell: Passage of Golubria
  6584 | D:6      | Found a staircase to the Ecumenical Temple.
  6589 | Temple   | Entered the Ecumenical Temple
  6683 | Temple   | Became a worshipper of Vehumet
  6763 | D:6      | Found a basalt altar of Yredelemnul.
  7128 | D:6      | Found a sacrificial altar of Ru.
  7140 | D:6      | Found a bloodstained altar of Trog.
  7279 | D:7      | Reached skill level 9 in Spellcasting
  7279 | D:7      | Reached XP level 9. HP: 46/46 MP: 10/24
  7611 | D:7      | Found the +6 lightning scales {swift rElec}
  7921 | D:7      | Reached skill level 5 in Hexes
  8065 | D:7      | Found a runed translucent door.
  8066 | D:7      | Noticed Crazy Yiuf
  8071 | D:7      | Killed Crazy Yiuf
  8295 | D:7      | Reached skill level 10 in Spellcasting
  8297 | D:7      | Reached * piety under Vehumet
  8297 | D:7      | Offered knowledge of Freeze by Vehumet.
  8299 | D:7      | Reached skill level 5 in Translocations
  8301 | D:7      | HP: 2/46 [poisoned by a killer bee]
  8624 | D:8      | Noticed Erica
  8642 | D:8      | Slain by Erica

Illustrated notes

Levels and vault maps discovered:
D:1:      dpeg_cavernosity, layout_basic, serial_shops, shop_fountains,
          minmay_tromino_v2
D:2:      layout_loops_ring, basic_ecumenical_altar, uniq_natasha
D:3:      layout_rooms, okawaru_metal_pillars_3, chequers_serial_rivers_micro_a,
          feat_on_display, uniq_sigmund
D:4:      layout_loops_corners, xom_redecorated, item_on_display_a, uniq_pikel
D:5:      layout_basic, nicolae_uskayaw_dance_hall, grunt_gozag_statues
D:6:      layout_loops_ring, general_overflow_altar,
          amethyst_overflow_temple_binary, temple_doors_e
D:7:      layout_cave_pools, uniq_crazy_yiuf_cottage
D:8:      minmay_chambers_of_sixes, layout_basic, serial_undead,
          serial_undead_f, serial_undead_e, serial_undead_a, serial_undead_b,
          serial_undead_b, serial_undead_b, serial_shops, shop, enter_bailey_2,
          st_stairs_8, uniq_erica, uniq_harold
Temple:   jpeg_temple_clearing

Skill      XL: |  1  2  3  4  5  6  7  8  9 |
---------------+----------------------------+-----
Conjurations   | 5 6 7 8 9 |  9.3
Stealth        | 3 4 |  4.6
Spellcasting   | 5 6 9 10 | 10.2
Hexes          | 1 3 4 5 |  5.9
Translocations | 1 3 4 5 |  5.0
Dodging        | 3 |  3.4
Fighting       | |  0.5

Action                   |  1- 3 |  4- 6 |  7- 9 || total
-------------------------+-------+-------+-------++-------
Melee: Dagger            |     3 |       |       ||     3
 Cast: Magic Dart        |    82 |    54 |    99 ||   235
       Searing Ray       |     1 |    11 |    43 ||    55
       Fulminant Prism   |       |       |     7 ||     7
       Iskenderun's Myst |       |       |     7 ||     7
       Passage of Golubr |       |       |     2 ||     2
  Use: Potion            |     1 |       |       ||     1
       Scroll            |       |       |     8 ||     8
Armor: Robe              |     1 |     1 |     2 ||     4
Dodge: Dodged            |     3 |    14 |    20 ||    37

Table legend: (Time is in decaauts)
 A = Elapsed time spent in this place.
 B = Non-inter-level travel time spent in this place.
 C = Inter-level travel time spent in this place.
 D = Time resting spent in this place.
 E = Time spent auto-exploring this place.
 F = Levels seen in this place.
 G = Mean time per level.
                   A        B        C        D        E       F      G
               +--------+--------+--------+--------+--------+-----+--------+
         Total |   8644 |   8020 |    624 |   1812 |   5173 |   9 |  960.4 |
       Dungeon |   8527 |   7947 |    580 |   1812 |   5103 |   8 | 1065.9 |
        Temple |    116 |     72 |     44 |      0 |     70 |   1 |  116.0 |
               +--------+--------+--------+--------+--------+-----+--------+

Top non-repeatable levels by time:
     D:1: 1549 daAuts
     D:6: 1527 daAuts
     D:4: 1315 daAuts
     D:2: 1302 daAuts
     D:5: 1136 daAuts
     D:3: 806 daAuts
     D:7: 803 daAuts
  Temple: 116 daAuts
     D:8: 85 daAuts
